 Dungeon Crawl Stone Soup version 0.26-a0-694-g74916bafe0 (webtiles) character file.

Game seed: 10398845097417545818

107 Gildeon the Insei (level 4, -9/29 HPs)
             Began as an Octopode Transmuter on Oct 25, 2020.
             Mangled by an orc
             ... wielding a cursed -3 great sword
              (24 damage)
             ... on level 3 of the Dungeon.
             The game lasted 00:09:09 (3076 turns).

Gildeon the Insei (Octopode Transmuter)             Turns: 3076, Time: 00:09:10

Health: -9/29      AC:  1    Str: 10    XL:     4   Next: 86%
Magic:  4/7        EV: 14    Int: 15    God:
Gold:   141        SH:  0    Dex: 12    Spells: 2/8 levels left

rFire    . . .     SeeInvis .     - Unarmed
rCold    . . .     Faith    .   (no shield)
rNeg     . . .     Spirit   .   (helmet currently unavailable)
rPois    .         Reflect  .   (no amulet)
rElec    .         Harm     .   (no ring)
rCorr    .         Rampage  .   (no ring)
MR       .....                  (no ring)
Stlth    +++.......             (no ring)
HPRegen  0.09/turn              (no ring)
MPRegen  0.10/turn              (no ring)
                                (no ring)
                                (no ring)

@: appendages (expiring), wereblooded
A: almost no armour, stealthy swim, amphibious, 8 rings, constrict 8, tentacle
spike 3, camouflage 1, gelatinous body 1
a: End Transformation


You were on level 3 of the Dungeon.
One of your tentacles had a temporary spike.
You visited 1 branch of the dungeon, and saw 3 of its levels.

You collected 141 gold pieces.

Inventory:

Missiles
 e - 5 atropa-tipped darts (quivered)
Scrolls
 d - 5 scrolls of remove curse {unknown}
 f - 3 scrolls of identify {unknown}
 h - a scroll of fog {unknown}
 i - a scroll of noise {unknown}
 k - a scroll of immolation {unknown}
Potions
 a - 3 potions of curing
 b - 2 potions of magic {unknown}
 c - 2 potions of degeneration {unknown}
 g - a potion of brilliance {unknown}
 j - a potion of berserk rage


   Skills:
 + Level 1.9 Fighting
 + Level 2.6 Dodging
 + Level 2.3 Stealth
 + Level 3.5 Unarmed Combat
 + Level 2.5 Spellcasting
 + Level 2.5 Transmutations


You had 2 spell levels left.
You knew the following spells:

 Your Spells              Type           Power        Failure   Level
a - Beastly Appendage     Tmut           #.....       8%          1
b - Wereblood             Tmut           #.......     12%         2
c - Spider Form           Tmut/Pois      #.........   36%         3

Your spell library contained the following spells:

 Spells                   Type           Power        Failure   Level
 Ice Form                 Ice/Tmut       #.......     77%         4
 Blade Hands              Tmut           #.........   91%         5


Dungeon Overview and Level Annotations

Branches:
Dungeon (3/15)

Altars:

Annotations:
D:2 exclusions: adder and bat
D:3 exclusions: frilled lizard and orc


Innate Abilities, Weirdness & Mutations

You cannot wear most types of armour.
You are very stealthy in the water. (Stealth+)
You are amphibious.
You can wear up to eight rings at the same time.
You can use your tentacles to constrict eight enemies at once.
Your skin changes colour to match your surroundings (Stealth+).
Your rubbery body absorbs attacks. (AC +1, EV +1)
One of your tentacles bears a large vicious spike.


Message History

Items here: $ ) [ †.
Casting: Beastly Appendage (safe; 8% risk of failure)
Confirm with . or Enter, or press ? or * to list all spells.
Your blood is infused with primal strength.
You tentacle-slap the worm but do no damage.
You grab the worm.
Your transformation is almost over.
You constrict the worm.
The orc drinks a potion.
The orc goes berserk!
The worm bites you but does no damage.
You tentacle-slap the worm.
You pierce the worm.
The worm is heavily wounded.
You constrict the worm. You barely miss the worm.
The worm is heavily wounded.
You constrict the worm.
The orc hits you with a cursed -3 great sword!
The worm misses you.
The orc hits you with a cursed -3 great sword!!
Ouch! That really hurt!
You die...

##############
######.....o......##
...........w@......#
.####..#########..# #..# #..#
#..# ###..####
#..#######.......#######
#.w................##........
......##o#.#####.##.#######.#.
#####. #)#.....).##.######.#..
# #..................###.


You could see a worm and an orc (berserk).

Vanquished Creatures
  An orc wizard (D:3)
  A worker ant (D:2)
  2 dart slugs (D:1)
  A leopard gecko (D:1)
  4 orcs (D:3)
  3 giant cockroaches
  9 goblins
  6 hobgoblins
  2 jackals (D:1)
  3 bats
  3 frilled lizards
  A kobold (D:1)
  9 rats
45 creatures vanquished.

Notes
Turn   | Place    | Note
-------+----------+-------------------------------------------
     0 | D:1      | Gildeon the Octopode Transmuter began the quest for the
                  | Orb.
     0 | D:1      | Reached XP level 1. HP: 13/13 MP: 3/3
   407 | D:1      | Reached XP level 2. HP: 16/18 MP: 3/5
   418 | D:1      | Learned a level 2 spell: Wereblood
   827 | D:1      | Reached skill level 1 in Stealth
  1513 | D:2      | Reached XP level 3. HP: 21/23 MP: 4/6
  1578 | D:2      | Learned a level 3 spell: Spider Form
  1954 | D:2      | Reached XP level 4. HP: 18/29 MP: 3/7
  3076 | D:3      | Mangled by an orc

Illustrated notes

Levels and vault maps discovered:
D:1:      psy_arrival_statuary, layout_basic
D:2:      layout_basic
D:3:      layout_loops_ring

Skill      XL: |  1  2  3  4 |
---------------+-------------+-----
Stealth        | 1 2 |  2.3
Fighting       | |  1.9
Dodging        | |  2.6
Unarmed Combat | |  3.5
Spellcasting   | |  2.5
Transmutations | |  2.5

Action                   |  1- 3 |  4- 6 || total
-------------------------+-------+-------++-------
Melee: Unarmed           |    68 |    40 ||   108
       Constrict         |    16 |    12 ||    28
       Kick              |    10 |     8 ||    18
       Tentacles         |     7 |     4 ||    11
 Cast: Beastly Appendage |    11 |     4 ||    15
       Wereblood         |     1 |     1 ||     2
 Stab: Sleeping          |     8 |     1 ||     9
Armor: Skin              |     9 |     4 ||    13
Dodge: Dodged            |    29 |    22 ||    51

Table legend: (Time is in decaauts)
 A = Elapsed time spent in this place.
 B = Non-inter-level travel time spent in this place.
 C = Inter-level travel time spent in this place.
 D = Time resting spent in this place.
 E = Time spent auto-exploring this place.
 F = Levels seen in this place.
 G = Mean time per level.
                   A        B        C        D        E       F      G
               +--------+--------+--------+--------+--------+-----+--------+
         Total |   3070 |   2786 |    284 |    652 |   1683 |   3 | 1023.3 |
       Dungeon |   3070 |   2786 |    284 |    652 |   1683 |   3 | 1023.3 |
               +--------+--------+--------+--------+--------+-----+--------+

Top non-repeatable levels by time:
     D:1: 1407 daAuts
     D:2: 1103 daAuts
     D:3: 560 daAuts
